[Event "Titled Tuesday Blitz January 11 2022"]
[White "Vysochin, Spartak"]
[Black "Mitusov, Semen"]
[WhiteFideId "14103516"]
[BlackFideId "14151049"]
[WhiteElo "2401"]
[BlackElo "2246"]
[Result "0-1"]
[Round "11"]
[TimeControl "180+1"]
[Date "2022.01.11"]
[WhiteClock "0:00:05"]
[BlackClock "0:00:34"]

1. e4 e5 2. d4 exd4 3. Qxd4 Nc6 4. Qd3 Nf6 5. Nc3 Bb4 6. Bd2 O-O 7. O-O-O d6 8. f3 Be6 9. Bg5 h6 10. Bh4 Ne5 11. Qe3 Ng6 12. Be1 Bc5 13. Qd2 Re8 14. Nge2 c6 15. Nd4 d5 16. Nxe6 Rxe6 17. Kb1 Qe7 18. exd5 cxd5 19. Bg3 d4 20. Na4 Bb4 21. Qxd4 Nh5 22. Bc4 Nxg3 23. hxg3 Rd6 24. Bd5 Rad8 25. c4 b5 26. Nc3 bxc4 27. Rhe1 Bxc3 28. Qxc3 Qd7 29. Qxc4 Rxd5 30. Rxd5 Qxd5 31. Re8+ Kh7 32. Qxd5 Rxd5 33. Ra8 Rd7 34. Kc2 Ne7 35. b4 Nf5 36. a4 Nxg3 37. b5 Nf5 38. Kc3 Ne3 39. g4 f5 40. gxf5 h5 41. a5 h4 42. Re8 Nxf5 43. Re2 Rd5 44. Kc4 Rxb5 45. Kxb5 Nd4+ 46. Ka6 Nxe2 47. Kxa7 h3 0-1


[Site "https://www.chess.com"]

[Event "Titled Tuesday Blitz January 11 2022"]
[White "Yang, Kaiqi"]
[Black "Azadaliyev, Jahandar"]
[WhiteFideId "8604398"]
[BlackFideId "13425811"]
[WhiteElo "2373"]
[BlackElo "1795"]
[Result "1-0"]
[Round "11"]
[TimeControl "180+1"]
[Date "2022.01.11"]
[WhiteClock "0:00:07"]
[BlackClock "0:00:04"]

1. c4 Nf6 2. Nc3 e6 3. d4 b6 4. e4 d6 5. Nf3 Bb7 6. Bd3 Nbd7 7. O-O Be7 8. Re1 e5 9. h3 O-O 10. Bc2 exd4 11. Nxd4 Nc5 12. b4 Ncd7 13. Bb2 Re8 14. Nd5 Ne5 15. Bb3 Nfd7 16. f4 Ng6 17. Nf5 Bf8 18. Qd4 c5 19. bxc5 bxc5 20. Qc3 f6 21. Qg3 Nb6 22. h4 Nxd5 23. exd5 Qd7 24. Bc2 Kf7 25. h5 Nh8 26. Nh4 Kg8 27. Qd3 g6 28. hxg6 Qg4 29. gxh7+ Kf7 30. Nf5 Ng6 31. Qg3 Qxg3 32. Nxg3 Bh6 33. Nh5 Nxf4 34. Nxf4 Bxf4 35. Kf2 Kg7 36. Bc3 Be5 37. Bxe5 fxe5 38. Rh1 Kh8 39. Rab1 Ba6 40. Bd3 Rab8 41. Rxb8 Rxb8 42. Rh6 Rd8 43. Ke3 Bc8 44. g3 Bg4 45. Rh4 Bd7 46. g4 Be8 47. g5 Rd7 48. Rh6 Rd8 49. Rf6 Bd7 50. Rxd6 Kg7 51. g6 Kh8 52. Bf5 1-0


[Site "https://www.chess.com"]

[Event "Titled Tuesday Blitz January 11 2022"]
[White "Yeletsky, Ivan"]
[Black "Gurevich, Dmitry"]
[WhiteFideId "24180327"]
[BlackFideId "2000407"]
[WhiteElo "2348"]
[BlackElo "2506"]
[Result "1-0"]
[Round "11"]
[TimeControl "180+1"]
[Date "2022.01.11"]
[WhiteClock "0:00:04"]
[BlackClock "0:00:07"]

1. c4 e6 2. d4 Nf6 3. Bg5 h6 4. Bh4 c5 5. d5 exd5 6. cxd5 d6 7. Nc3 Be7 8. e4 Nxe4 9. Qa4+ Bd7 10. Qxe4 g5 11. Bg3 f5 12. Qe2 f4 13. Qh5+ Kf8 14. Bd3 fxg3 15. fxg3 Qe8 16. Bg6 Qd8 17. O-O-O Kg7 18. Bf7 Bf5 19. Rf1 Bh7 20. Be6 Rf8 21. Rf7+ Rxf7 22. Qxf7+ Kh8 23. Nf3 Qf8 24. Re1 Na6 25. h4 Nb4 26. Kd2 Qxf7 27. Bxf7 Bf6 28. hxg5 hxg5 29. Re6 Kg7 30. Bh5 Rd8 31. a3 Bxc3+ 32. bxc3 Nxd5 33. Nxg5 Bg8 34. Rg6+ Kf8 35. Rxg8+ Kxg8 36. Bf7+ Kg7 37. Bxd5 Kf6 38. Nf3 Re8 39. g4 b6 40. g5+ Kf5 41. Kd3 b5 42. c4 b4 43. a4 b3 44. Kc3 Re3+ 45. Kb2 Re2+ 46. Kxb3 Rxg2 47. Nh4+ 1-0


[Site "https://www.chess.com"]

[Event "Titled Tuesday Blitz January 11 2022"]
[White "Yoo, Christopher Woojin"]
[Black "Senthil Maran K"]
[WhiteFideId "30909694"]
[BlackFideId "25035681"]
[WhiteElo "2105"]
[BlackElo "2194"]
[Result "1-0"]
[Round "11"]
[TimeControl "180+1"]
[Date "2022.01.11"]
[WhiteClock "0:01:11"]
[BlackClock "0:00:02"]

1. e4 c6 2. Nf3 d5 3. d3 g6 4. e5 Bg4 5. Nbd2 Bg7 6. h3 Bxf3 7. Nxf3 e6 8. d4 c5 9. c3 Ne7 10. Bd3 Nd7 11. Be3 Nc6 12. O-O O-O 13. h4 cxd4 14. cxd4 f6 15. exf6 Qxf6 16. h5 gxh5 17. Ng5 Nxd4 18. Bxh7+ Kh8 19. Qxh5 Ne2+ 20. Kh1 Qh6 21. Nf7+ Rxf7 22. Bxh6 Kxh7 23. Qxf7 Kxh6 24. Qxd7 Rh8 25. g3 Kg6+ 26. Kg2 Nd4 27. Rh1 Rf8 28. Rh4 Nf5 29. Qxe6+ Rf6 30. Rg4+ Kh5 31. Qxf5+ Rxf5 32. Rxg7 Re5 33. Rh1# 1-0


[Site "https://www.chess.com"]

[Event "Titled Tuesday Blitz January 11 2022"]
[White "Zelbel, Patrick"]
[Black "Taboas Rodriguez, Daniel"]
[WhiteFideId "24624322"]
[BlackFideId "2208466"]
[WhiteElo "2493"]
[BlackElo "2429"]
[Result "1-0"]
[Round "11"]
[TimeControl "180+1"]
[Date "2022.01.11"]
[WhiteClock "0:01:59"]
[BlackClock "0:01:58"]

1. e4 e6 2. d4 d5 3. Nd2 Nc6 4. c3 e5 5. dxe5 Nxe5 6. Ndf3 Nxf3+ 7. Nxf3 Nf6 8. e5 Ne4 9. Bd3 Bc5 10. O-O O-O 11. Qe2 Bf5 12. Be3 Bb6 13. Rad1 Bg6 14. c4 c6 15. Rfe1 Qe7 16. cxd5 cxd5 17. Bb1 Rfd8 18. Bxb6 axb6 19. a3 Rab8 20. h3 Rbc8 21. Ba2 Qe6 22. Qe3 Rc2 23. Nd4 Qc8 24. Nxc2 Qxc2 25. Rxd5 Re8 26. Bb1 1-0